General information
- name: BNet
- type: Ladder team game (AT/RT)
- host: Battle.net
- saver: iggy_the_fisk
map: Highperch
- players: 6
- length: 41:34
- speed: Fast
- version: 1.21 W3XP
- replay type:

» download(290 KB)
Players
team 1 (loser)
ThinkSilly (
green | 57 APM | 2223 actions | 39:10)
3 Paladin
2 Holy Light
1 Divine Shield
2 Mountain King
1 Storm Bolt
1 Bash
» actions
| Assign group hotkey | 40 | |
| Basic commands | 155 | |
| Build / train | 99 | |
| ESC pressed | 5 | |
| Enter build submenu | 36 | |
| Enter hero's abilities submenu | 5 | |
| Right click | 597 | |
| Select / deselect | 553 | |
| Select group hotkey | 637 | |
| Use ability | 96 | |
2223 total
» units
| Peasant | 14 | |
| Footman | 12 | |
| Mortar Team | 4 | |
| Siege Engine | 1 | |
| Gryphon Rider | 1 | |
| Dragonhawk Rider | 16 | |
48 total
» upgrades
| Defend | 1 | |
| Lumber Harvesting | 2 | |
| Flare | 1 | |
| Swords | 3 | |
| Storm Hammers | 1 | |
| Cloud | 1 | |
| Magic Sentry | 1 | |
| Armor | 3 | |
13 total
» buildings
| Barracks | 1 | |
| Altar of Kings | 1 | |
| Farm | 12 | |
| Scout Tower | 8 | |
| Arcane Tower | 8 | |
| Keep | 2 | |
| Arcane Vault | 1 | |
| Blacksmith | 1 | |
| Lumber Mill | 1 | |
| Workshop | 2 | |
| Town Hall | 1 | |
| Castle | 3 | |
| Guard Tower | 3 | |
| Gryphon Aviary | 2 | |
| Arcane Sanctum | 1 | |
47 total
» build order
00:11 Barracks
00:15 Altar of Kings
00:20 Farm
00:59 Farm
01:42 Scout Tower
01:48 Farm
02:12 Arcane Tower
03:22 Keep
03:43 Arcane Vault
04:07 Blacksmith
04:26 Lumber Mill
05:53 Workshop
05:58 Workshop
07:00 Farm
07:02 Farm
07:59 Town Hall
08:18 Farm
10:04 Castle
10:05 Castle
11:02 Guard Tower
11:20 Guard Tower
13:07 Gryphon Aviary
13:11 Gryphon Aviary
14:13 Arcane Sanctum
16:16 Scout Tower
19:03 Arcane Tower
22:48 Scout Tower
24:22 Scout Tower
24:27 Scout Tower
24:57 Arcane Tower
24:59 Arcane Tower
25:22 Guard Tower
25:24 Arcane Tower
25:25 Scout Tower
26:22 Arcane Tower
26:23 Scout Tower
26:27 Scout Tower
27:14 Arcane Tower
27:18 Farm
27:34 Arcane Tower
27:37 Farm
29:05 Farm
30:21 Farm
32:35 Keep
33:43 Farm
33:58 Farm
37:06 Castle
» items
| Ivory Tower | 5 | |
| Scroll of Town Portal | 4 | |
| Boots of Speed | 1 | |
10 total
Towahdfense (
yellow | 96 APM | 3749 actions | 39:10)
3 Blademaster
1 Wind Walk
2 Critical Strike
2 Shadow Hunter
1 Hex
1 Healing Wave
1 Tauren Chieftain
1 Shockwave
» actions
| Assign group hotkey | 19 | |
| Basic commands | 185 | |
| Build / train | 41 | |
| ESC pressed | 1 | |
| Enter build submenu | 30 | |
| Enter hero's abilities submenu | 6 | |
| Right click | 1357 | |
| Select / deselect | 301 | |
| Select group hotkey | 1681 | |
| Use ability | 128 | |
3749 total
» units
| Peon | 7 | |
| Grunt | 2 | |
| Demolisher | 2 | |
| Wind Rider | 4 | |
| Troll Batrider | 4 | |
19 total
» upgrades
» buildings
| Altar of Storms | 1 | |
| Barracks | 1 | |
| Orc Burrow | 5 | |
| Voodoo Lounge | 1 | |
| Stronghold | 1 | |
| War Mill | 1 | |
| Watch Tower | 18 | |
| Fortress | 1 | |
| Beastiary | 2 | |
| Spirit Lodge | 1 | |
32 total
» build order
00:12 Altar of Storms
00:19 Barracks
00:34 Orc Burrow
01:19 Voodoo Lounge
02:09 Orc Burrow
03:41 Stronghold
04:20 Orc Burrow
04:24 War Mill
05:32 Orc Burrow
06:29 Watch Tower
08:35 Fortress
09:20 Beastiary
09:23 Beastiary
10:27 Orc Burrow
14:15 Watch Tower
16:16 Watch Tower
17:21 Watch Tower
18:24 Watch Tower
20:24 Watch Tower
20:26 Watch Tower
21:39 Watch Tower
21:41 Watch Tower
22:49 Watch Tower
23:17 Watch Tower
23:19 Watch Tower
23:26 Watch Tower
23:53 Watch Tower
23:57 Watch Tower
24:56 Watch Tower
24:57 Watch Tower
26:21 Watch Tower
30:51 Spirit Lodge
» items
| Healing Salve | 3 | |
| Lesser Clarity Potion | 2 | |
| Scroll of Town Portal | 2 | |
| Orb of Lightning | 1 | |
8 total
woolo (
pink | 111 APM | 4606 actions | 41:32)
4 Death Knight
2 Death Coil
2 Unholy Aura
» actions
| Assign group hotkey | 35 | |
| Build / train | 65 | |
| ESC pressed | 16 | |
| Enter build submenu | 29 | |
| Enter hero's abilities submenu | 4 | |
| Give item / drop item | 2 | |
| Right click | 1983 | |
| Select / deselect | 517 | |
| Select group hotkey | 1864 | |
| Use ability | 90 | |
4606 total
» units
| Acolyte | 16 | |
| Ghoul | 2 | |
| Crypt Fiend | 8 | |
| Obsidian Statue | 2 | |
| Frost Wyrm | 4 | |
32 total
» upgrades
| Creature Carapace | 3 | |
| Creature Attack | 3 | |
| Freezing Breath | 1 | |
| Web | 1 | |
8 total
» buildings
| Crypt | 2 | |
| Altar of Darkness | 1 | |
| Ziggurat | 16 | |
| Graveyard | 1 | |
| Tomb of Relics | 1 | |
| Nerubian Tower | 5 | |
| Halls of the Dead | 1 | |
| Sacrificial Pit | 1 | |
| Black Citadel | 2 | |
| Slaughterhouse | 1 | |
| Boneyard | 1 | |
| Necropolis | 1 | |
| Spirit Tower | 3 | |
36 total
» build order
00:35 Crypt
00:37 Crypt
00:42 Altar of Darkness
00:45 Ziggurat
01:04 Graveyard
01:39 Tomb of Relics
01:46 Ziggurat
03:07 Nerubian Tower
04:47 Ziggurat
04:49 Halls of the Dead
06:12 Ziggurat
07:23 Sacrificial Pit
07:27 Nerubian Tower
08:08 Black Citadel
08:27 Black Citadel
08:36 Slaughterhouse
10:51 Boneyard
11:02 Ziggurat
11:50 Ziggurat
16:44 Necropolis
16:47 Ziggurat
16:50 Ziggurat
16:52 Ziggurat
17:27 Ziggurat
18:29 Spirit Tower
18:32 Nerubian Tower
18:35 Spirit Tower
18:38 Nerubian Tower
18:40 Ziggurat
18:43 Ziggurat
18:44 Ziggurat
22:42 Spirit Tower
22:53 Ziggurat
23:24 Ziggurat
25:14 Nerubian Tower
27:06 Ziggurat
» items
| Rod of Necromancy | 1 | |
| Lesser Clarity Potion | 1 | |
| Healing Salve | 1 | |
| Scroll of Speed | 1 | |
| Dust of Appearance | 2 | |
| Orb of Lightning | 1 | |
| Orb of Corruption | 1 | |
| Scroll of Town Portal | 1 | |
9 total
team 2 (winner)
BEAR_AND (
blue | 80 APM | 3139 actions | 39:10)
4 Blademaster
2 Wind Walk
2 Critical Strike
» actions
| Assign group hotkey | 14 | |
| Basic commands | 18 | |
| Build / train | 77 | |
| Enter build submenu | 57 | |
| Enter hero's abilities submenu | 4 | |
| Give item / drop item | 6 | |
| Remove unit from queue | 1 | |
| Right click | 1814 | |
| Select / deselect | 372 | |
| Select group hotkey | 609 | |
| Use ability | 167 | |
3139 total
» units
| Peon | 15 | |
| Troll Batrider | 23 | |
| Wind Rider | 8 | |
46 total
» upgrades
| Armor | 3 | |
| Liquid Fire | 1 | |
| Ranged Weapons | 3 | |
| Envenomed Spears | 1 | |
8 total
» buildings
| Altar of Storms | 1 | |
| War Mill | 1 | |
| Orc Burrow | 13 | |
| Watch Tower | 35 | |
| Voodoo Lounge | 2 | |
| Stronghold | 1 | |
| Beastiary | 2 | |
| Fortress | 1 | |
56 total
» build order
00:10 Altar of Storms
00:13 War Mill
00:27 Orc Burrow
01:38 Watch Tower
02:14 Watch Tower
02:32 Voodoo Lounge
02:38 Voodoo Lounge
02:53 Watch Tower
03:20 Watch Tower
04:04 Watch Tower
04:05 Watch Tower
04:20 Watch Tower
04:24 Watch Tower
04:35 Orc Burrow
05:14 Watch Tower
05:47 Watch Tower
05:56 Watch Tower
06:10 Watch Tower
06:57 Watch Tower
07:06 Stronghold
07:12 Watch Tower
07:19 Watch Tower
07:34 Watch Tower
08:05 Watch Tower
08:10 Watch Tower
08:14 Watch Tower
08:26 Watch Tower
09:24 Watch Tower
09:28 Beastiary
09:31 Beastiary
09:40 Fortress
10:01 Orc Burrow
10:26 Watch Tower
10:43 Watch Tower
11:06 Orc Burrow
11:42 Watch Tower
12:27 Watch Tower
14:57 Watch Tower
14:59 Watch Tower
15:58 Watch Tower
16:19 Watch Tower
16:20 Watch Tower
16:21 Watch Tower
17:07 Watch Tower
17:07 Watch Tower
19:17 Watch Tower
19:18 Watch Tower
36:19 Orc Burrow
36:20 Orc Burrow
36:21 Orc Burrow
36:23 Orc Burrow
36:28 Orc Burrow
36:29 Orc Burrow
36:30 Orc Burrow
37:09 Orc Burrow
37:10 Orc Burrow
» items
| Healing Salve | 4 | |
| Lesser Clarity Potion | 5 | |
| Boots of Speed | 1 | |
| Staff of Teleportation | 1 | |
| Orb of Lightning | 1 | |
| Scroll of Town Portal | 1 | |
13 total
iggy_the_fisk (
teal | 108 APM | 4503 actions | 41:34)
2 Paladin
1 Holy Light
1 Divine Shield
2 Mountain King
1 Storm Bolt
1 Bash
» actions
| Assign group hotkey | 270 | |
| Basic commands | 10 | |
| Build / train | 123 | |
| Enter build submenu | 47 | |
| Enter hero's abilities submenu | 4 | |
| Give item / drop item | 1 | |
| Remove unit from queue | 5 | |
| Right click | 2580 | |
| Select / deselect | 418 | |
| Select group hotkey | 846 | |
| Use ability | 199 | |
4503 total
» units
| Peasant | 23 | |
| Dragonhawk Rider | 8 | |
| Gryphon Rider | 9 | |
40 total
» upgrades
| Masonry | 3 | |
| Lumber Harvesting | 2 | |
| Magic Sentry | 1 | |
| Armor | 3 | |
| Swords | 3 | |
| Animal War Training | 1 | |
| Cloud | 1 | |
| Storm Hammers | 1 | |
15 total
» buildings
| Altar of Kings | 1 | |
| Farm | 13 | |
| Lumber Mill | 1 | |
| Scout Tower | 28 | |
| Arcane Tower | 2 | |
| Guard Tower | 30 | |
| Arcane Vault | 1 | |
| Keep | 1 | |
| Arcane Sanctum | 1 | |
| Castle | 1 | |
| Town Hall | 1 | |
| Gryphon Aviary | 1 | |
| Barracks | 1 | |
| Blacksmith | 1 | |
83 total
» build order
00:06 Altar of Kings
00:19 Farm
00:35 Lumber Mill
00:57 Farm
01:41 Scout Tower
01:51 Scout Tower
02:09 Arcane Tower
02:11 Scout Tower
02:25 Scout Tower
02:29 Guard Tower
02:29 Guard Tower
02:29 Guard Tower
02:30 Guard Tower
02:46 Guard Tower
03:06 Guard Tower
04:12 Scout Tower
04:54 Guard Tower
04:57 Scout Tower
05:01 Scout Tower
05:03 Arcane Vault
05:05 Scout Tower
05:13 Scout Tower
05:13 Keep
05:39 Arcane Tower
05:53 Guard Tower
05:53 Guard Tower
05:53 Guard Tower
05:57 Guard Tower
05:57 Guard Tower
05:57 Guard Tower
06:22 Scout Tower
06:33 Scout Tower
08:00 Arcane Sanctum
08:22 Guard Tower
08:49 Farm
09:18 Farm
10:28 Castle
11:35 Scout Tower
11:37 Scout Tower
12:43 Scout Tower
12:48 Scout Tower
13:14 Guard Tower
13:17 Scout Tower
13:18 Guard Tower
13:20 Scout Tower
13:44 Guard Tower
13:49 Town Hall
14:06 Guard Tower
14:08 Scout Tower
14:17 Scout Tower
14:18 Scout Tower
14:19 Scout Tower
14:22 Scout Tower
14:23 Scout Tower
14:24 Scout Tower
14:37 Guard Tower
14:41 Scout Tower
14:43 Scout Tower
14:59 Guard Tower
15:28 Guard Tower
15:32 Gryphon Aviary
15:34 Barracks
15:37 Blacksmith
15:43 Guard Tower
15:51 Guard Tower
15:57 Scout Tower
15:58 Guard Tower
16:22 Guard Tower
16:29 Guard Tower
16:33 Scout Tower
17:03 Guard Tower
17:30 Farm
33:08 Farm
33:10 Farm
33:15 Farm
33:36 Farm
33:55 Farm
34:20 Farm
34:34 Farm
34:43 Farm
» items
| Healing Salve | 2 | |
| Lesser Clarity Potion | 4 | |
| Scroll of Regeneration | 1 | |
| Staff of Sanctuary | 2 | |
| Boots of Speed | 2 | |
| Staff of Teleportation | 2 | |
| Orb of Lightning | 2 | |
| Scroll of Town Portal | 1 | |
16 total
TIMG4STRok (
purple | 75 APM | 3098 actions | 41:32)
4 Archmage
2 Blizzard
2 Brilliance Aura
3 Mountain King
2 Storm Bolt
1 Bash
» actions
| Assign group hotkey | 23 | |
| Basic commands | 76 | |
| Build / train | 116 | |
| ESC pressed | 1 | |
| Enter build submenu | 42 | |
| Enter hero's abilities submenu | 7 | |
| Give item / drop item | 9 | |
| Remove unit from queue | 1 | |
| Right click | 1535 | |
| Select / deselect | 335 | |
| Select group hotkey | 743 | |
| Use ability | 210 | |
3098 total
» units
| Peasant | 16 | |
| Mortar Team | 4 | |
| Sorceress | 4 | |
| Priest | 4 | |
| Siege Engine | 7 | |
| Spell Breaker | 6 | |
41 total
» upgrades
| Masonry | 3 | |
| Lumber Harvesting | 2 | |
| Magic Sentry | 1 | |
| Flare | 1 | |
| Gunpowder | 3 | |
| Armor | 3 | |
| Sorceress Training | 2 | |
| Fragmentation Shards | 1 | |
| Barrage | 1 | |
| Flak Cannons | 1 | |
| Plating | 3 | |
| Priest Training | 2 | |
| Control Magic | 1 | |
| Swords | 2 | |
26 total
» buildings
| Lumber Mill | 1 | |
| Altar of Kings | 1 | |
| Farm | 15 | |
| Scout Tower | 31 | |
| Arcane Tower | 1 | |
| Guard Tower | 18 | |
| Arcane Vault | 1 | |
| Keep | 1 | |
| Town Hall | 1 | |
| Blacksmith | 1 | |
| Arcane Sanctum | 1 | |
| Workshop | 2 | |
| Castle | 1 | |
75 total
» build order
00:15 Lumber Mill
00:40 Altar of Kings
00:43 Farm
01:07 Scout Tower
01:10 Farm
01:46 Scout Tower
01:50 Arcane Tower
02:06 Scout Tower
02:09 Scout Tower
02:15 Guard Tower
02:15 Guard Tower
02:44 Guard Tower
02:47 Scout Tower
02:50 Guard Tower
02:54 Scout Tower
03:18 Guard Tower
03:41 Guard Tower
03:42 Scout Tower
04:22 Guard Tower
04:23 Arcane Vault
05:43 Scout Tower
05:45 Scout Tower
05:46 Scout Tower
05:54 Keep
06:08 Town Hall
06:58 Guard Tower
07:02 Scout Tower
07:03 Scout Tower
07:04 Scout Tower
07:06 Scout Tower
07:07 Scout Tower
07:11 Guard Tower
07:13 Scout Tower
07:14 Scout Tower
07:46 Guard Tower
07:49 Scout Tower
07:50 Scout Tower
07:51 Scout Tower
07:52 Scout Tower
07:56 Blacksmith
08:22 Guard Tower
09:06 Guard Tower
09:12 Farm
09:13 Farm
09:14 Farm
09:53 Arcane Sanctum
09:55 Workshop
10:57 Workshop
11:00 Guard Tower
11:08 Farm
11:08 Farm
11:09 Farm
11:10 Farm
12:58 Castle
13:19 Guard Tower
13:39 Scout Tower
13:40 Scout Tower
13:41 Scout Tower
13:42 Scout Tower
13:43 Scout Tower
13:44 Scout Tower
14:20 Farm
14:21 Farm
15:45 Guard Tower
16:15 Guard Tower
17:07 Guard Tower
17:09 Scout Tower
17:11 Scout Tower
17:12 Scout Tower
17:13 Scout Tower
19:10 Guard Tower
32:49 Farm
32:51 Farm
32:52 Farm
33:30 Farm
» items
| Staff of Teleportation | 2 | |
| Boots of Speed | 2 | |
| Healing Salve | 1 | |
| Lesser Clarity Potion | 3 | |
| Potion of Lesser Invulnerability | 1 | |
| Potion of Invisibility | 1 | |
| Orb of Lightning | 2 | |
| Staff of Sanctuary | 2 | |
14 total
Chat log
(00:19 / All) TIMG4STRok: gkl hf
(00:21 / All) woolo: gl hf
(00:36 / All) TIMG4STRok: u guys ever play (6)Highperch.w3x before?
(01:10 / All) ThinkSilly: sry i dun normally play games
(01:14 / All) TIMG4STRok: huh
(01:21 / All) TIMG4STRok: Was i talking to u?
(01:28 / All) ThinkSilly: i am sorry
(01:45 / All) iggy_the_fisk: Let that be unto you a lesson
(01:52 / All) TIMG4STRok: a lesion
(01:59 / All) Towahdfense: lesbian?
(05:34 / All) iggy_the_fisk: worst blademaster i ever saw
(05:35 / All) iggy_the_fisk: Leavbe
(05:59 / All) Towahdfense: beastmaster?
(06:06 / All) TIMG4STRok: attarded>
(06:12 / All) iggy_the_fisk: retard bitch leave this game
(06:16 / All) Towahdfense: wat is attarded? r u retard? haahah
(07:37 / All) BEAR_AND: LMAO
(07:41 / All) BEAR_AND: shitnoobs
(07:42 / All) iggy_the_fisk: bye bitch
(07:48 / All) Towahdfense: u so happy die so many peasnt? y?
(07:58 / All) BEAR_AND: learn english?
(08:08 / All) iggy_the_fisk: happy because i know we won
(08:12 / All) iggy_the_fisk: you a retarde noob bye leave
(08:17 / All) Towahdfense: y u so cool always win
(08:26 / All) Towahdfense: leave leave ~ plz leave
(08:31 / All) BEAR_AND: STFU
(14:59 / All) iggy_the_fisk: yellow
(15:00 / All) iggy_the_fisk: bitchnoob
(15:04 / All) iggy_the_fisk: How u gonna feel when u lose this game?
(15:05 / All) BEAR_AND: youg uys
(15:07 / All) BEAR_AND: to quote a friend
(15:09 / All) BEAR_AND: are team shitbits
(15:14 / All) Towahdfense: i feel liek fuck yr mom ahahahhaahahhaahahha
(15:25 / All) BEAR_AND: so horrible & bad at everything? lmao
(17:41 / All) TIMG4STRok: jerk.s...
(17:43 / All) iggy_the_fisk: WOW yellow
(17:45 / All) iggy_the_fisk: nice
(17:47 / All) iggy_the_fisk: lose a wyvern
(17:48 / All) iggy_the_fisk: Bitchnoob leave
(17:50 / All) iggy_the_fisk: you suck
(21:19 / All) BEAR_AND: out of gold...?
(22:23 / All) TIMG4STRok: lmao pow
(22:26 / All) BEAR_AND: nope
(22:27 / All) BEAR_AND: owned
(28:09 / All) Towahdfense: ahah
(28:12 / All) Towahdfense: always die hero
(28:21 / All) BEAR_AND: sg?
(28:27 / All) Towahdfense: ahahah die hero everytime wat a noob...
(28:33 / All) BEAR_AND: from?
(28:40 / All) Towahdfense: yr mom? hHHAHAHAHAHHA
(28:42 / All) BEAR_AND: ?
(28:44 / All) BEAR_AND: from?
(28:46 / All) iggy_the_fisk: dirty sg isn't it
(31:58 / All) Towahdfense: good going
(32:00 / All) Towahdfense: keep up the good work
(32:01 / All) TIMG4STRok: Huh
(32:05 / All) Towahdfense: HAHAH
(32:07 / All) ThinkSilly: HAHA FUCK U
(32:35 / All) Towahdfense: i want to see how u guys can win HAHAHHA
(33:54 / All) Towahdfense: wow no more attack ?
(33:59 / All) Towahdfense: no more trash talk? wuuu
(34:00 / All) Towahdfense: HAHAHAHA
(34:01 / All) iggy_the_fisk: what
(34:03 / All) iggy_the_fisk: we won this game
(34:04 / All) iggy_the_fisk: 30 min ago
(34:05 / All) Towahdfense: HAHAHAHAH
(34:08 / All) iggy_the_fisk: bitch SG noob doesn't realize it
(34:12 / All) Towahdfense: i cant wait to see u win
(34:20 / All) Towahdfense: i want to see it sooo bad jahahaha
(35:40 / All) Towahdfense: i luv it so much when we make u guys shut up HAHAHHA
(35:44 / All) iggy_the_fisk: you're not
(35:47 / All) iggy_the_fisk: you're a shitty noob
(35:50 / All) Towahdfense: HAHAHAHA sure HAHAHAH
(35:50 / All) ThinkSilly: FUCK U HAHAHAH
(35:51 / All) iggy_the_fisk: and you'll lose then ragequit
(35:55 / All) Towahdfense: u gusy were talking all the way b4 ah ahahha
(35:58 / All) iggy_the_fisk: don't worry
(36:01 / All) iggy_the_fisk: we'll add you to friends
(36:01 / All) ThinkSilly: u r standing here more like a noob
(36:02 / All) Towahdfense: now so quiet after die like 20 heroes?
(36:06 / All) iggy_the_fisk: remind you every day what a shitnoob you are
(36:07 / All) iggy_the_fisk: nope
(36:08 / All) iggy_the_fisk: you suck
(36:09 / All) Towahdfense: noob strat work on us ? no kidding hahahaha
(36:14 / All) ThinkSilly: ya u stuck for standing
(36:14 / All) Towahdfense: sure add me plz i guess i m yr only friend HAHAHHA
(39:10 / All) TIMG4STRok: Roflmfao
(39:16 / All) TIMG4STRok: nice disc hack fail
(39:17 / All) TIMG4STRok: roflmao
(41:29 / All) woolo: fuckin noob
(41:31 / All) TIMG4STRok: gg